 Dungeon Crawl Stone Soup version 0.29-a0-314-gb00dd7cb4b (webtiles) character file.

Game seed: 7549491231654457912

49 HotDog the Covered (level 3, -9/33 HPs)
             Began as a Minotaur Fighter on Mar 29, 2022.
             Mangled by an ogre
             ... wielding a +0 giant club
              (18 damage)
             ... on level 2 of the Dungeon.
             The game lasted 00:01:05 (1475 turns).

HotDog the Covered (Minotaur Fighter)               Turns: 1475, Time: 00:01:05

Health: -9/33      AC:  7    Str: 22    XL:     3   Next: 51%
Magic:  2/2        EV:  9    Int:  5    God:
Gold:   85         SH:  4    Dex:  9    Spells: 2/2 levels left

rFire   . . .      SeeInvis .   a - +0 long sword
rCold   . . .      Faith    .   c - +0 buckler
rNeg    . . .      Spirit   .   b - +0 scale mail
rPois   .          Reflect  .   (helmet restricted)
rElec   .          Harm     .   (no cloak)
rCorr   .          Rampage  .   (no gloves)
Will    .....                   (no boots)
Stlth   ..........              (no amulet)
HPRegen 0.11/turn               (no ring)
MPRegen 0.08/turn               (no ring)

@: no status effects
A: horns 2, retaliatory headbutt
a: no special abilities


You were on level 2 of the Dungeon.
You visited 1 branch of the dungeon, and saw 2 of its levels.

You collected 85 gold pieces.

Inventory:

Hand Weapons
 a - a +0 long sword (weapon)
Armour
 b - a +0 scale mail (worn)
 c - a +0 buckler (worn)
Scrolls
 g - a scroll of fear {unknown}
 h - a scroll of blinking {unknown}
 i - a scroll of summoning {unknown}
 k - a scroll of identify {unknown}
Potions
 d - a potion of might
 e - a potion of curing {unknown}
 f - a potion of attraction {unknown}
 j - 2 potions of ambrosia {unknown}
 l - a potion of lignification {unknown}


   Skills:
 * Level 4.0 Fighting
 * Level 3.0 Long Blades
 * Level 4.2 Armour
 * Level 0.5 Dodging
 * Level 3.8 Shields
 * Level 1.1 Invocations


You had 2 spell levels left.
You didn't know any spells.
Your spell library contained the following spells:

 Spells                   Type           Power      Damage    Failure   Level
 Magic Dart               Conj           0%         1d3       87%         1
 Call Imp                 Summ           0%         N/A       95%         2
 Mephitic Cloud           Conj/Pois/Air  0%         N/A       99%         3


Dungeon Overview and Level Annotations

Branches:
Dungeon (2/15)

Altars:


Innate Abilities, Weirdness & Mutations

You have a pair of horns on your head.
You reflexively headbutt those who attack you in melee.


Message History

No target in view!
No target in view!
No target in view!
Items here: ( ) ††.
You now have 74 gold pieces (gained 9).
You pick up a book of Minor Magic and begin reading...
You add the spells Magic Dart, Call Imp and Mephitic Cloud to your library.
You now have 85 gold pieces (gained 11).
A goblin comes into view. It is wielding a +0 club.
The goblin shouts!
A goblin is nearby!
A goblin is nearby!
An ogre comes into view. It is wielding a +0 giant club.
The ogre shouts!
You barely miss the goblin. The goblin hits you but does no damage.
You completely miss the goblin. The goblin barely misses you.
You furiously retaliate!
You headbutt the goblin. You hit the goblin but do no damage.
The goblin is heavily wounded.
You block the goblin's attack. The goblin barely misses you.
You closely miss the goblin. Your headbutt misses the goblin.
The goblin is heavily wounded.
The ogre hits you with a +0 giant club! The goblin hits you but does no damage.
You hit the goblin but do no damage. Your headbutt misses the goblin.
The goblin is heavily wounded.
The goblin hits you but does no damage. The ogre closely misses you.
You furiously retaliate!
You headbutt the ogre! You barely miss the goblin.
The goblin is heavily wounded.
The goblin hits you with a +0 club.
You are too injured to fight recklessly!
You are too injured to fight recklessly!
You are too injured to fight recklessly!
The goblin attacks as you move away! The goblin hits you but does no damage.
The goblin attacks as you move away! The goblin hits you with a +0 club.
* * * LOW HITPOINT WARNING * * *
The ogre attacks as you move away!
The ogre hits you with a +0 giant club!!
Ouch! That really hurt!
You die...

#.....^...#
#.........#
#.........#
#.........###
##..........
#.........#
#.........#
#.....Og..# #####
#.....@...# .....
#.........# ......
##.......###......
##.......#.......
#.......).#
#.......###
##.......# #
.........# .#
###.......####.#


You could see an ogre and a goblin.

Vanquished Creatures
  3 dart slugs
  An orc (D:2)
  5 endoplasms
  A giant cockroach (D:2)
  2 goblins (D:1)
  A hobgoblin (D:1)
  4 jackals (D:2)
  A quokka (D:1)
  5 ball pythons
  2 bats (D:1)
  7 frilled lizards
  5 kobolds
  2 rats
39 creatures vanquished.

Notes
Turn   | Place    | Note
-------+----------+-------------------------------------------
     0 | D:1      | HotDog the Minotaur Fighter began the quest for the Orb.
     0 | D:1      | Reached XP level 1. HP: 19/19 MP: 0/0
    61 | D:1      | Reached XP level 2. HP: 25/27 MP: 1/1
  1208 | D:2      | Reached XP level 3. HP: 26/33 MP: 2/2
  1320 | D:2      | Reached skill level 1 in Invocations
  1466 | D:2      | Noticed an ogre
  1475 | D:2      | Mangled by an ogre

Illustrated notes

Levels and vault maps discovered:
D:1:      dpeg_arrival_solitude, layout_basic
D:2:      layout_rooms, basic_altar, shapermc_ecumenical_altar_notcrosses

Skill      XL: |  1  2  3 |
---------------+----------+-----
Armour         | 4 |  4.2
Fighting       | 4 |  4.0
Long Blades    | 3 |  3.0
Invocations    | 1 |  1.1
Dodging        | |  0.5
Shields        | |  3.8

Action                   || total
-------------------------++-------
Melee: Long sword        ||   102
       Headbutt          ||    10
Armor: Scale mail        ||    64
Dodge: Dodged            ||    58
Block: Buckler           ||    24

Table legend: (Time is in decaauts)
 A = Elapsed time spent in this place.
 B = Non-inter-level travel time spent in this place.
 C = Inter-level travel time spent in this place.
 D = Time resting spent in this place.
 E = Time spent auto-exploring this place.
 F = Levels seen in this place.
 G = Mean time per level.
                   A        B        C        D        E       F      G
               +--------+--------+--------+--------+--------+-----+--------+
         Total |   1504 |   1504 |      0 |      0 |   1260 |   2 |  752.0 |
       Dungeon |   1504 |   1504 |      0 |      0 |   1260 |   2 |  752.0 |
               +--------+--------+--------+--------+--------+-----+--------+

Top non-repeatable levels by time:
     D:1: 1217 daAuts
     D:2: 286 daAuts
